 Dungeon Crawl Stone Soup version 0.24-a0-307-gf989941 (webtiles) character file.

Game seed: 12364308978837269030

557 Espgualade the Conjurer (level 7, -11/36 HPs)
             Began as a Tengu Ice Elementalist on May 12, 2019.
             Killed by nerve-wracking pain
             ... invoked by Grinder
              (13 damage)
             ... on level 4 of the Dungeon.
             The game lasted 00:11:01 (4999 turns).

Espgualade the Conjurer (Tengu Ice Elementalist)    Turns: 4999, Time: 00:11:01

Health: -11/36     AC:  5    Str:  9    XL:     7   Next: 30%
Magic:  5/11       EV: 23    Int: 17    God:
Gold:   165        SH:  0    Dex: 19    Spells: 4/10 levels left

rFire    . . .     SeeInvis .   b - +1 hand axe
rCold    . . .     Gourm    .   (no shield)
rNeg     . . .     Faith    .   a - +1 robe
rPois    .         Spirit   .   (helmet restricted)
rElec    .         Reflect  .   (no cloak)
rCorr    .         Harm     .   (no gloves)
MR       .....                  (boots unavailable)
Stlth    +++.......             (no amulet)
HPRegen  0.12/turn              j - +2 ring of protection
MPRegen  0.12/turn              (no ring)

@: agile, flying quickly and evasively, hasted, very quick
A: beak, talons 3, able to fly
a: Stop Flying


You were on level 4 of the Dungeon.
You were hungry.

You visited 1 branch of the dungeon, and saw 5 of its levels.

You collected 165 gold pieces.

Inventory:

Hand Weapons
 b - a +1 hand axe (weapon)
 e - a +0 dagger of draining
Armour
 a - a +1 robe (worn)
Jewellery
 g - an uncursed amulet of guardian spirit
 j - a +2 ring of protection (left hand)
 q - an uncursed amulet of the acrobat
Scrolls
 l - a scroll of enchant weapon
Potions
 h - 2 potions of flight
 r - a potion of magic
 s - a potion of cancellation
 u - a potion of agility
Comestibles
 c - 7 rations
 d - a chunk of flesh


   Skills:
 - Level 4.6 Dodging
 - Level 2.0 Stealth
 + Level 2.2 Spellcasting
 - Level 7.2 Conjurations
 - Level 4.0 Ice Magic


You had 4 spell levels left.
You knew the following spells:

 Your Spells              Type           Power        Failure   Level  Hunger
a - Freeze                Ice            ###.         3%          1    #......
b - Throw Frost           Conj/Ice       ###...       2%          2    ###....
c - Ozocubu's Armour      Chrm/Ice       #.......     24%         3    ###....

Your spell library contained the following spells:

 Spells                   Type           Power        Failure   Level  Hunger
 Throw Icicle             Conj/Ice       ###.....     19%         4    #####..
 Summon Ice Beast         Ice/Summ       #.......     63%         4    #####..


Dungeon Overview and Level Annotations

Branches:
Dungeon (5/15)
 Temple: D:4-7

Altars:
Cheibriados
Hepliaklqana
Qazlal
Ru
Wu Jian
Yredelemnul

Annotations:
D:5 Grinder


Innate Abilities, Weirdness & Mutations

You have a beak for a mouth.
You have claws for feet.
You can fly continuously.


Message History

Something hits you but does no damage. The giant cockroach bites you.
* * * LOW HITPOINT WARNING * * *
The giant cockroach bites you.
* * * LOW HITPOINT WARNING * * *
Something hits you.
* * * LOW HITPOINT WARNING * * *
You can move again.
The giant cockroach misses you. The giant cockroach misses you.
Your magical contamination has completely faded away.
There is a stone staircase leading up here.
Things that are here:
a +0 hand axe; a +0 leather armour; 2 stones You fly upwards.
Reactivating autopickup.
There is a stone staircase leading down here.
Deactivating autopickup; reactivate with Ctrl-A.
Pain shoots through your body!
You die...

..............#
#..#...#......#
...##.###..#.##
...#..##..#### ...##......#
##### ..........## ###...##
#..##.....## #......#
#..........####....###
##...........#..@...>###
.##..###.....#.........#
....######..##.........##
.#..##......#.......##..#
###..#.#.#.............##
###....###...........###
#....####..............##
.......#................###
..........................###


There were no monsters in sight!

Vanquished Creatures
  A phantom (D:5)
  2 scorpions (D:4)
  A howler monkey (D:4)
  A hound (D:4)
  An iguana (D:3)
  Jessica (D:3)
  2 worker ants (D:5)
  A hound skeleton (D:5)
  8 adders
  2 shadow imps
  An ooze (D:3)
  3 worms
  6 dart slugs
  4 leopard geckos
  16 orcs
  A giant cockroach (D:3)
  5 goblins
  4 hobgoblins
  6 jackals
  A quokka (D:4)
  6 bats
  2 frilled lizards (D:2)
  3 kobolds
  A leopard gecko skeleton (D:4)
  3 rats
  A spectral orc (D:3)
83 creatures vanquished.

Notes
Turn   | Place    | Note
-------+----------+-------------------------------------------
     0 | D:1      | Espgualade the Tengu Ice Elementalist began the quest for
                  | the Orb.
     0 | D:1      | Reached XP level 1. HP: 10/10 MP: 4/4
   436 | D:1      | Reached XP level 2. HP: 12/15 MP: 6/6
   771 | D:1      | Learned a level 2 spell: Throw Frost
  1115 | D:2      | Reached XP level 3. HP: 10/19 MP: 7/7
  1799 | D:2      | Learned a level 3 spell: Ozocubu's Armour
  1915 | D:2      | Reached XP level 4. HP: 24/24 MP: 8/8
  2479 | D:3      | Found a stormy altar of Qazlal.
  2480 | D:3      | Found a hazy altar of Hepliaklqana.
  2662 | D:3      | Gained mutation: You can fly continuously. [Tengu growth]
  2662 | D:3      | Reached XP level 5. HP: 28/28 MP: 4/9
  2767 | D:3      | Found a basalt altar of Yredelemnul.
  3288 | D:3      | Noticed Jessica
  3294 | D:3      | Killed Jessica
  3294 | D:3      | Reached skill level 2 in Conjurations
  3410 | D:4      | Reached skill level 3 in Conjurations
  3467 | D:4      | Reached skill level 4 in Conjurations
  3467 | D:4      | Reached XP level 6. HP: 27/32 MP: 2/10
  3640 | D:4      | Found a snail-covered altar of Cheibriados.
  3729 | D:4      | Reached skill level 5 in Conjurations
  4073 | D:4      | Found an ornate altar of the Wu Jian Council.
  4535 | D:5      | Entered Level 5 of the Dungeon
  4541 | D:5      | Found a sacrificial altar of Ru.
  4557 | D:5      | Noticed a necrophage
  4558 | D:5      | Noticed an ice beast
  4622 | D:5      | Reached skill level 6 in Conjurations
  4816 | D:5      | Noticed a phantom
  4835 | D:5      | Reached XP level 7. HP: 36/36 MP: 11/11
  4868 | D:5      | Reached skill level 7 in Conjurations
  4960 | D:5      | Noticed Grinder
  4984 | D:5      | Paralysed by something for 4 turns
  4988 | D:5      | HP: 1/36 [something (4)]
  4999 | D:4      | Killed from afar by Grinder

Levels and vault maps discovered:
D:1:      elethiomel_arrival_infinity_welcomes_careful_drivers,
          layout_loops_ring
D:2:      layout_rooms, kennysheep_path_1, grunt_decor_fettered
D:3:      layout_loops_cross, yredelemnul_forgotten_temple_becter,
          gammafunk_temple_overflow_pools, first_ration, uniq_jessica
D:4:      minmay_door_path, layout_cave_pools, lemuel_doored_altar,
          cheibriados_altar_1
D:5:      layout_rooms, lemuel_crystal_altar, lemuel_round_altar, uniq_grinder

Skill      XL: |  1  2  3  4  5  6  7 |
---------------+----------------------+-----
Ice Magic      | 3 4 |  4.0
Dodging        | 4 |  4.6
Conjurations   | 4 6 7 |  7.2
Stealth        | |  2.0
Spellcasting   | |  2.2

Action                   |  1- 3 |  4- 6 |  7- 9 || total
-------------------------+-------+-------+-------++-------
Melee: Hand axe          |    61 |   125 |    28 ||   214
       Kick              |    11 |    18 |     8 ||    37
       Peck              |     7 |    16 |     5 ||    28
 Cast: Freeze            |    15 |    48 |       ||    63
       Throw Frost       |     5 |    18 |     3 ||    26
       Ozocubu's Armour  |       |     3 |     2 ||     5
 Abil: Fly               |       |     1 |       ||     1
Evoke: Wand              |       |     1 |     2 ||     3
  Use: Potion            |       |     3 |     2 ||     5
       Scroll            |       |    14 |       ||    14
 Stab: Sleeping          |     2 |     2 |       ||     4
  Eat: Chunk             |     4 |     8 |     1 ||    13
       Ration            |       |     1 |       ||     1
Armor: Robe              |    16 |    34 |    12 ||    62
       Skin              |       |     3 |       ||     3
Dodge: Dodged            |    56 |   147 |    23 ||   226

Table legend:
 A = Non-vault XP
 B = Vault XP
 C = Vault XP percentage of total XP
 D = Non-vault monster count
 E = Vault monster count
 F = Vault count percentage of total count
                 A         B        C        D         E       F
            +---------+---------+-------+---------+---------+-------
      Total |     717 |      80 |  10.0 |      80 |       3 |   3.6
            +---------+---------+-------+---------+---------+-------
        D:1 |      25 |       0 |   0.0 |      12 |       0 |   0.0
        D:2 |      88 |       0 |   0.0 |      18 |       0 |   0.0
        D:3 |     104 |      38 |  26.8 |      21 |       2 |   8.7
        D:4 |     224 |      42 |  15.8 |      12 |       1 |   7.7
        D:5 |     276 |       0 |   0.0 |      17 |       0 |   0.0
            +---------+---------+-------+---------+---------+-------
